 Dungeon Crawl Stone Soup version 0.17-a0-1378-g281efdd (webtiles) character file.

620 sqallbeste the Covert (level 7, -2/33 HPs)
             Began as a Spriggan Assassin on June 14, 2015.
             Was a Follower of Dithmenos.
             Slain by Steifyn's ghost (9 damage)
             ... on level 5 of the Dungeon.
             The game lasted 00:10:17 (4542 turns).

sqallbeste the Covert (Spriggan Assassin)           Turns: 4542, Time: 00:10:17

Health: -2/33      AC:  4    Str:  7    XL:     7   Next: 22%
Magic:  8/8        EV: 12    Int: 12    God:    Dithmenos [*.....]
Gold:   131        SH:  0    Dex: 20    Spells: 0 memorised, 6 levels left

rFire  . . .     SeeInvis +     a - +3 dagger
rCold  . . .     Clarity  .     c - +0 robe
rNeg   . . .     SustAt   .     (shield restricted)
rPois  .         Gourm    .     (helmet restricted)
rElec  .         Spirit   .     d - +1 cloak
rCorr  .         Warding  .     (gloves unavailable)
rMut   .         Stasis   .     (boots unavailable)
MR     ++...                    (no amulet)
Stlth  +++++++...               (no ring)
                                h - ring of protection from magic

@: wreathed by umbra, very quick, very resistant to hostile enchantments,
extremely stealthy
A: unfitting armour, see invisible, herbivore 3, speed 3, slow metabolism 2
a: Renounce Religion


You were on level 5 of the Dungeon.
You worshipped Dithmenos.
Dithmenos was aware of your devotion.
You were full.

You visited 2 branches of the dungeon, and saw 6 of its levels.

You collected 131 gold pieces.

Inventory:

Hand weapons
 a - a +3 dagger (weapon)
 b - a +0 blowgun
 s - a +1 dagger of speed
Missiles
 e - 20 poisoned needles
 f - 2 curare-tipped needles
 l - 7 needles of confusion
Armour
 c - a +0 robe (worn)
 d - a +1 cloak (worn)
Jewellery
 h - a ring of protection from magic (left hand)
Magical devices
 i - a wand of polymorph (15)
Scrolls
 j - a scroll of remove curse {unknown}
 p - a scroll of random uselessness
 q - a scroll of magic mapping
Potions
 k - a potion of heal wounds {unknown}
 m - a potion of lignification {unknown}
 n - a potion of ambrosia
 o - a potion of might {unknown}
 t - a potion of resistance
Books
 r - an Akashic Record {highlevel, unknown}

   This book is beyond your current level of understanding.

   Spells                             Type                      Level
   a - Dispersal                      Translocation                6
   b - Controlled Blink               Translocation                7
   c - Malign Gateway                 Summoning/Translocation      7
   d - Disjunction                    Translocation                8
   e - Singularity                    Translocation                9
 u - a book of Envenomations

   Spells                             Type                      Level
   a - Spider Form                    Transmutation/Poison         3
   b - Alistair's Intoxication        Transmutation/Poison         4
   c - Olgreb's Toxic Radiance        Poison                       4
   d - Poisonous Cloud                Conjuration/Poison/Air       6
Comestibles
 g - 3 bread rations


   Skills:
 - Level 1.5 Fighting
 - Level 2.7 Short Blades
 - Level 2.1 Throwing
 - Level 1.5 Dodging
 + Level 12.8 Stealth


You had 6 spell levels left.
You didn't know any spells.

Dungeon Overview and Level Annotations

Branches:
Dungeon (5/15)             Temple (1/1) D:4

Altars:
Ashenzari
Cheibriados
Dithmenos
Elyvilon
Fedhas
Gozag
Kikubaaqudgha
Makhleb
Nemelex Xobeh
Okawaru
Sif Muna
Vehumet
Xom
Yredelemnul
Zin
The Shining One

Annotations:
D:4 Dowan
D:5 Steifyn's ghost, experienced MiFi


Innate Abilities, Weirdness & Mutations

You are tiny and cannot use many weapons and most armour.
You have supernaturally acute eyesight.
You are a herbivore.
You cover ground extremely quickly.
You need consume almost no food.


Message History

Steifyn's ghost misses you. Steifyn's ghost hits you.
Steifyn's ghost burns you.
There is a stone staircase leading up, spattered with blood here.
You closely miss Steifyn's ghost. Steifyn's ghost closely misses you.
You completely miss Steifyn's ghost.
You hit Steifyn's ghost but do no damage.
Steifyn's ghost closely misses you.
You hit Steifyn's ghost but do no damage.
Steifyn's ghost closely misses you.
You hit Steifyn's ghost but do no damage.
Steifyn's ghost hits you. Steifyn's ghost burns you.
You hit Steifyn's ghost.
Steifyn's ghost is lightly damaged.
Steifyn's ghost hits you! Steifyn's ghost burns you.
* * * LOW HITPOINT WARNING * * *
You barely miss Steifyn's ghost.
Steifyn's ghost is lightly damaged.
Steifyn's ghost barely misses you. Steifyn's ghost hits you!
You die...

......#
#........+ +(...
+........# #....
#........# .....
....... #...
#...# #
##...###...####.#
#.......†.......#
+......@.†......#
#......W........+
#.....##...##+###
##.... #...#
#$... #........
+..... .........
#...............
#...............
###...##...##...


You could see Steifyn's ghost.

Vanquished Creatures
  Eustachio (D:4)
  Duvessa (D:4)
  A crimson imp (D:4)
  A centaur skeleton (D:4)
  2 orc wizards (D:4)
  A giant frog skeleton (D:4)
  3 worker ants (D:4)
  5 adders
  A shadow imp (D:5)
  2 worms (D:3)
  9 orcs
  A ball python (D:1)
  9 bats
  A bat skeleton (D:4)
  2 giant cockroaches
  7 hobgoblins
  9 jackals
  10 kobolds
  3 quokkas
  5 giant geckos
  5 giant newts
  9 goblins
  A jackal zombie (D:4)
  6 rats
95 creatures vanquished.

Vanquished Creatures (others)
  Natasha (D:4)
1 creature vanquished.

Grand Total: 96 creatures vanquished

Notes
Turn   | Place    | Note
--------------------------------------------------------------
     0 | D:1      | sqallbeste the Spriggan Assassin began the quest for the Orb.
     0 | D:1      | Reached XP level 1. HP: 10/10 MP: 2/2
    96 | D:1      | Reached skill level 6 in Stealth
   190 | D:1      | Reached XP level 2. HP: 8/14 MP: 3/3
   532 | D:1      | Reached skill level 7 in Stealth
  1034 | D:2      | Found a faded altar to an unknown god.
  1045 | D:2      | Reached XP level 3. HP: 18/18 MP: 4/4
  1090 | D:2      | Became a worshipper of Fedhas Madash
  1090 | D:2      | Acquired Fedhas's first power
  1780 | D:2      | Reached skill level 8 in Stealth
  1780 | D:2      | Reached XP level 4. HP: 22/22 MP: 5/5
  1863 | D:2      | Found an iron altar of Okawaru.
  1954 | D:3      | Found a burning altar of Makhleb.
  2682 | D:4      | Found a glowing golden altar of the Shining One.
  2758 | D:4      | Reached skill level 9 in Stealth
  2764 | D:4      | Reached XP level 5. HP: 25/25 MP: 6/6
  2781 | D:4      | Noticed Eustachio
  2784 | D:4      | Killed Eustachio
  2784 | D:4      | Reached skill level 10 in Stealth
  2784 | D:4      | Reached XP level 6. HP: 30/30 MP: 7/7
  3186 | D:4      | Reached skill level 11 in Stealth
  3227 | D:4      | Found a staircase to the Ecumenical Temple.
  3232 | Temple   | Entered the Ecumenical Temple
  3494 | Temple   | Fell from the grace of Fedhas
  3494 | Temple   | Became a worshipper of Dithmenos the Shadowed
  3595 | D:4      | Noticed Duvessa
  3598 | D:4      | Noticed Dowan
  3600 | D:4      | Killed Duvessa
  3600 | D:4      | Reached skill level 12 in Stealth
  3983 | D:4      | Noticed Natasha
  4008 | D:4      | Reached XP level 7. HP: 19/33 MP: 8/8
  4020 | D:4      | Killed Natasha
  4174 | D:4      | Found an ancient bone altar of Kikubaaqudgha.
  4353 | D:5      | Entered Level 5 of the Dungeon
  4377 | D:5      | Noticed Steifyn's ghost (experienced MiFi)
  4542 | D:5      | Slain by Steifyn's ghost

Vault maps used:
D:1:      dpeg_arrival_leaves_temple_mockup
D:2:      lemuel_round_altar, ecumenical_altar_1
D:3:      minmay_door_path, lemuel_doored_altar, kennysheep_generic_room_8
D:4:      lemuel_crystal_altar, lemuel_coloured_pillars_altar, temple_doors_e,
          first_bread, uniq_duvessa, uniq_eustachio, uniq_natasha
D:5:      serial_shops, shop, uniq_prince_ribbit1
Temple:   triangle_lava_temple_11

Action                   |  1- 3 |  4- 6 |  7- 9 || total
-------------------------+-------+-------+-------++-------
Melee: Dagger            |   125 |   123 |    54 ||   302
  Use: Scroll            |     3 |     9 |       ||    12
       Potion            |       |     1 |     1 ||     2
 Stab: Sleeping          |    21 |    20 |     1 ||    42
       Distracted        |     1 |     2 |       ||     3
       Invisible         |       |       |     4 ||     4
  Eat: Bread ration      |       |       |     1 ||     1
